 Dungeon Crawl Stone Soup version 0.30-a0-956-gcec3b41aec (webtiles) character file.

Game seed: 6688145405032819064

223 dialectric the Slasher (level 5, -1/42 HPs)
             Began as a Demonspawn Fighter on Mar 29, 2023.
             Slain by Duvessa
             ... wielding a +0 short sword
              (4 damage)
             ... on level 4 of the Dungeon.
             The game lasted 00:02:59 (2550 turns).

dialectric the Slasher (Demonspawn Fighter)         Turns: 2550, Time: 00:03:00

Health: -1/42      AC: 16    Str: 16    XL:     5   Next: 66%
Magic:  14/14      EV:  7    Int:  9    God:
Gold:   166        SH:  0    Dex: 15    Spells: 4/4 levels left

rFire   . . .      SeeInvis .    a - +0 long sword
rCold   . . .      Faith    .    (no shield)
rNeg    . . .      Spirit   .    h - +0 chain mail
rPois   .          Reflect  .    (no helmet)
rElec   .          Rampage  .    (no cloak)
rCorr   .                        f - +0 pair of gloves
Will    .....                    (no boots) Stlth
                                 (no amulet)
HPRegen 0.27/turn                o - ring of magical power
MPRegen 0.14/turn                (no ring)

@: lethally poisoned (-1 -> -15), sanguine armoured
A: hooves 2, demonic guardian 1, sanguine armour 1
a: no special abilities


You were on level 4 of the Dungeon.
You visited 1 branch of the dungeon, and saw 4 of its levels.

You collected 166 gold pieces.

Inventory:

Hand Weapons
 a - a +0 long sword (weapon)
Armour
 b - a +0 scale mail
 c - a +0 buckler
 f - a +0 pair of gloves (worn)
 h - a +0 chain mail (worn)
Jewellery
 o - a ring of magical power (left hand)
Scrolls
 d - a scroll of fear {unknown}
 g - a scroll of noise {unknown}
 i - a scroll of torment {unknown}
 j - 5 scrolls of identify {unknown}
 l - 2 scrolls of teleportation
 p - a scroll of enchant weapon {unknown}
Potions
 e - 2 potions of curing
 m - a potion of heal wounds
 n - a potion of degeneration {unknown}
 q - a potion of mutation {unknown}


   Skills:
 + Level 3.7 Fighting
 * Level 4.0 Long Blades
 + Level 0.2 Throwing
 + Level 3.7 Armour
 - Level 1.0 Dodging
 - Level 2.6 Shields


You had 4 spell levels left.
You didn't know any spells.
Your spell library contained the following spells:

 Spells                   Type           Power      Damage    Failure   Level
 Sting                    Tmut/Pois      0%         1d3       100%        1
 Blink                    Tloc           0%         N/A       100%        2
 Lesser Beckoning         Tloc           0%         N/A       100%        2
 Momentum Strike          Conj/Tloc      0%         3d8       100%        2
 Poisonous Vapours        Pois/Air       0%         N/A       100%        2
 Inner Flame              Hex/Fire       0%         N/A       100%        3
 Ozocubu's Armour         Ice            0%         N/A       100%        3
 Flame Wave               Conj/Fire      0%         2d4       100%        4
 Olgreb's Toxic Radiance  Pois           0%         N/A       100%        4
 Sticky Flame             Conj/Fire      0%         2d3       100%        4
 Metabolic Englaciation   Hex/Ice        0%         N/A       100%        5
 Simulacrum               Ice/Necr       0%         N/A       100%        6


Dungeon Overview and Level Annotations

Branches:
Dungeon (4/15)
 Temple: D:4-7

Altars:

Annotations:
D:4 Dowan, Duvessa


Innate Abilities, Weirdness & Mutations

You have hoof-like feet.
A weak demonic guardian rushes to your aid.
When seriously injured, your blood forms armour. (AC +6)


Message History

Duvessa is moderately wounded.
Duvessa barely misses you. Duvessa hits you with a +0 short sword.
Dowan hits you but does no damage.
You are poisoned.
Unknown command.
You hit Duvessa but do no damage.
Duvessa is heavily wounded.
You feel sick. Duvessa hits you with a +0 short sword.
Dowan hits you but does no damage.
You are more poisoned.
Duvessa hits you but does no damage.
Unknown command.
You hit Duvessa. You kick Duvessa.
Duvessa is heavily wounded.
Your blood congeals into armour.
You feel very sick. Duvessa hits you but does no damage.
Dowan hits you but does no damage.
You are more poisoned.
Unknown command.
You barely miss Duvessa. You kick Duvessa.
Duvessa is heavily wounded.
You feel very sick.
Duvessa looks more healthy.
Duvessa hits you but does no damage. Dowan hits you but does no damage.
You are lethally poisoned!
Duvessa hits you but does no damage.
You hit Duvessa. You kick Duvessa, but do no damage.
Duvessa is severely wounded.
You feel very sick. Duvessa hits you with a +0 short sword.
* * * LOW HITPOINT WARNING * * *
Dowan gestures wildly while chanting.
Dowan blinks!
Duvessa hits you with a +0 short sword.
* * * LOW HITPOINT WARNING * * *
You slash Duvessa!
Duvessa is almost dead.
* * * LOW HITPOINT WARNING * * *
You feel very sick. Duvessa hits you but does no damage.
Duvessa hits you with a +0 short sword.
You die...

#.........## ##..##
##......$...# #..##
#.......(...## ##..#
#............#
##..##
#............##
#..##
#.............#
##..#
#.........e..###..##
#............##...#
#.....).....(e@ยง.##
###..<.......###..#
#####......# ##...#
###...## #...#
##...# #...# ##..#
##.. #... #. ##...
#...


You could see Duvessa (fast) and Dowan.

Vanquished Creatures
  Edmund (D:4)
  2 adders (D:3)
  2 gnolls
  A worm (D:2)
  6 bats
  3 endoplasms
  3 giant cockroaches
  4 hobgoblins
  4 jackals
  2 kobolds
  4 quokkas
  9 ball pythons
  4 frilled lizards
  5 goblins
  8 rats
58 creatures vanquished.

Vanquished Creatures (collateral kills)
  A worm (D:4)
1 creature vanquished.

Grand Total: 59 creatures vanquished

Notes
Turn   | Place    | Note
-------+----------+-------------------------------------------
     0 | D:1      | dialectric the Demonspawn Fighter began the quest for the
                  | Orb.
     0 | D:1      | Reached XP level 1. HP: 18/18 MP: 1/1
   222 | D:1      | Gained mutation: A weak demonic guardian rushes to your
                  | aid. [demonic ancestry]
   222 | D:1      | Reached XP level 2. HP: 24/24 MP: 2/2
   333 | D:1      | Reached skill level 2 in Long Blades
   673 | D:1      | You fall into a shaft and drop 1 floor!
   786 | D:2      | Reached skill level 1 in Dodging
   786 | D:2      | Gained mutation: When seriously injured, your blood forms
                  | armour. (AC +6) [demonic ancestry]
   786 | D:2      | Reached XP level 3. HP: 29/29 MP: 3/3
  1482 | D:3      | Gained mutation: You have large cloven feet. [demonic
                  | ancestry]
  1482 | D:3      | Reached XP level 4. HP: 27/35 MP: 4/4
  2147 | D:4      | Noticed Dowan
  2148 | D:4      | Noticed Duvessa
  2384 | D:4      | Noticed Edmund
  2397 | D:4      | Killed Edmund
  2398 | D:4      | Reached skill level 4 in Long Blades
  2398 | D:4      | Gained mutation: You have hoof-like feet. [demonic
                  | ancestry]
  2398 | D:4      | Reached XP level 5. HP: 20/42 MP: 5/5
  2550 | D:4      | Slain by Duvessa

Illustrated notes

Levels and vault maps discovered:
D:1:      mrwooster_arrival_statue, layout_loops_corners
D:2:      layout_loops_ring
D:3:      layout_basic, nicolae_overflow_hidden_temple,
          nicolae_ecumenical_lake_church, uniq_natasha
D:4:      layout_cave_pods, minmay_misc_feat_plants, uniq_duvessa, uniq_edmund

Skill      XL: |  1  2  3  4 |
---------------+-------------+-----
Long Blades    | 2 4 |  4.0
Armour         | 3 |  3.7
Dodging        | 1 |  1.0
Fighting       | |  3.7
Throwing       | |  0.2
Shields        | |  2.6

Action                     |  1- 3 |  4- 6 || total
---------------------------+-------+-------++-------
  Melee: Long sword        |   143 |    51 ||   194
         Kick              |       |    14 ||    14
  Throw: Dart              |     2 |    14 ||    16
    Use: Potion            |       |     3 ||     3
         Scroll            |       |     1 ||     1
 Armour: Scale mail        |    40 |       ||    40
         Chain mail        |    42 |    38 ||    80
  Dodge: Dodged            |    63 |    25 ||    88

Table legend: (Time is in decaauts)
 A = Elapsed time spent in this place.
 B = Non-inter-level travel time spent in this place.
 C = Inter-level travel time spent in this place.
 D = Time resting spent in this place.
 E = Time spent auto-exploring this place.
 F = Levels seen in this place.
 G = Mean time per level.
                   A        B        C        D        E       F      G
               +--------+--------+--------+--------+--------+-----+--------+
         Total |   2603 |   2565 |     38 |      0 |   1995 |   4 |  650.8 |
       Dungeon |   2603 |   2565 |     38 |      0 |   1995 |   4 |  650.8 |
               +--------+--------+--------+--------+--------+-----+--------+

Top non-repeatable levels by time:
     D:2: 796 daAuts
     D:3: 699 daAuts
     D:1: 692 daAuts
     D:4: 415 daAuts
